 Dungeon Crawl Stone Soup version 0.31-a0-845-g9abc20d24f (webtiles) character file.

Game seed: 14580111750674113611

92 wvc the Firebug (level 4, -1/24 HPs)
             Began as a Gargoyle Fire Elementalist on Oct 2, 2023.
             Killed from afar by an orc wizard (4 damage)
             ... with a magic dart
             ... on level 3 of the Dungeon.
             The game lasted 00:08:16 (2335 turns).

wvc the Firebug (Gargoyle Fire Elementalist)        Turns: 2335, Time: 00:08:16

Health: -1/24      AC:  6    Str: 12    XL:     4   Next: 60%
Magic:  5/8        EV: 11    Int: 17    God:
Gold:   211        SH:  0    Dex: 10    Spells: 0/8 levels left

rFire   . . .        e - +1 dagger (protect)
rCold   . . .        (no shield)
rNeg    + . .        a - +0 robe
rPois   ∞            (no helmet)
rElec   +            g - +0 cloak
rCorr   .            (no gloves)
SInv    .            (no boots)
Will    .....        (no amulet)
Stlth   ++           c - ring of wizardry
HPRegen 0.24/turn    (no ring)
MPRegen 0.11/turn

%: wizardry (x1)
@: no status effects
A: sickness immunity, AC +3, negative energy resistance 1, electricity
resistance, torment resistance 1, petrification resistance
a: no special abilities


You were on level 3 of the Dungeon.
You visited 1 branch of the dungeon, and saw 3 of its levels.

You collected 211 gold pieces.

Inventory:

Hand Weapons
 e - a +1 dagger of protection (weapon)
Missiles
 n - 2 poisoned darts
Armour
 a - a +0 robe (worn)
 g - a +0 cloak (worn)
Jewellery
 c - a ring of wizardry (left hand)
Scrolls
 d - 3 scrolls of identify {unknown}
 f - a scroll of poison {unknown}
 i - a scroll of brand weapon {unknown}
 k - a scroll of enchant weapon {unknown}
 o - a scroll of teleportation {unknown}
 p - a scroll of noise {unknown}
Potions
 b - a potion of magic
 h - a potion of resistance {unknown}
 j - a potion of heal wounds {unknown}
 l - a potion of attraction {unknown}
 m - 2 potions of cancellation {unknown}


   Skills:
 - Level 1.5 Dodging
 - Level 2.1 Stealth
 + Level 2.8 Spellcasting
 * Level 2.4 Conjurations
 + Level 4.1 Fire Magic


You couldn't memorise any spells.
You knew the following spells:

 Your Spells              Type           Power      Damage    Failure   Level
a - Foxfire               Conj/Fire      52%        2x1d6     1%          1
b - Inner Flame           Hex/Fire       9%         N/A       9%          3
c - Flame Wave            Conj/Fire      13%        2d6       17%         4

Your spell library contained the following spells:

 Spells                   Type           Power      Damage    Failure   Level
 Scorch                   Fire           32%        2d6       1%          2
 Volatile Blastmotes      Fire/Tloc      18%        2d11      9%          3
 Gell's Gravitas          Tloc           2%         N/A       21%         3
 Teleport Other           Tloc           2%         N/A       21%         3
 Dispersal                Tloc           1%         N/A       100%        6


Dungeon Overview and Level Annotations

Branches:
Dungeon (3/15)

Altars:
Makhleb


Innate Abilities, Weirdness & Mutations

You are immune to sickness and miasma.
Your stone body is resilient. (AC +3)
You are immune to poison.
You resist negative energy. (rN+)
You are resistant to electric shocks. (rElec)
You are resistant to unholy torment.
You are immune to petrification.


Message History

The orc wizard is heavily wounded.
The foxfire hits the orc wizard.
The orc wizard is severely wounded.
An orc comes into view. It is wielding a +0 dagger.
Casting: Foxfire (safe; 1% risk of failure)
Confirm with . or Enter, or press ? or * to list all spells.
You conjure some foxfire!
The orc wizard casts a spell.
The orc wizard flickers and vanishes!
Deactivating autopickup; reactivate with Ctrl-A.
The foxfire hits something. x2
Something tries to affect you, but you resist.
Casting: Foxfire (safe; 1% risk of failure)
Confirm with . or Enter, or press ? or * to list all spells.
You conjure some foxfire!
The foxfire hits the endoplasm.
The endoplasm is moderately wounded.
The foxfire hits the endoplasm.
The endoplasm is heavily wounded.
Something tries to affect you, but you resist.
Casting: Foxfire (safe; 1% risk of failure)
Confirm with . or Enter, or press ? or * to list all spells.
You conjure some foxfire!
The endoplasm jiggles.
The foxfire hits the endoplasm.
You kill the endoplasm!
A puff of flame appears from out of thin air!
The puff of flame hits you!
Ouch! That really hurt!
A puff of flame appears from out of thin air!
The puff of flame hits you!
* * * LOW HITPOINT WARNING * * *
The foxfire hits the orc.
The orc is heavily wounded.
A magic dart appears from out of thin air!
The magic dart hits you.
* * * LOW HITPOINT WARNING * * *
A magic dart appears from out of thin air!
The magic dart hits you.
You die...

.$###.#.......................
#..w.........................
#.......................
#.w....#................
#...............##......
#...{............##..###
#####......o.........##..#
#...#.##.o...........##..#
#..........@.........##..###
#.....#..#...........##.....
#...###.....#.....<.###...##
#...#......###......###..##
#......#...# #.###.......# .#
##.#.....#.# #.# ##.#..#.##
... #....##.##.# #.# #.#.....#
#.###....#..##.# #.#
##....##..# ##......###.....#
#.# #.......#.#


You could see a worm and 2 orcs.

Vanquished Creatures
  3 adders
  A worm (D:2)
  A dart slug (D:1)
  10 ball pythons
  7 endoplasms
  5 giant cockroaches
  6 goblins
  6 hobgoblins
  4 quokkas (D:1)
  3 bats
  4 frilled lizards
  3 kobolds
  4 rats
57 creatures vanquished.

Vanquished Creatures (others)
  114 foxfires
114 creatures vanquished.

Grand Total: 171 creatures vanquished

Notes
Turn   | Place    | Note
-------+----------+-------------------------------------------
     0 | D:1      | wvc the Gargoyle Fire Elementalist began the quest for the
                  | Orb.
     0 | D:1      | Reached XP level 1. HP: 10/10 MP: 3/3
   148 | D:1      | Reached XP level 2. HP: 8/15 MP: 0/5
   821 | D:1      | Reached XP level 3. HP: 19/19 MP: 4/6
  1495 | D:2      | Reached skill level 4 in Fire Magic
  1495 | D:2      | Reached XP level 4. HP: 16/24 MP: 0/7
  1715 | D:2      | Learned a level 3 spell: Inner Flame
  1720 | D:2      | Learned a level 4 spell: Flame Wave
  2080 | D:3      | Found a burning altar of Makhleb.
  2335 | D:3      | Killed from afar by an orc wizard

Illustrated notes

Levels and vault maps discovered:
D:1:      scummos_arrival_star, layout_loops_ring, minmay_misc_feat_iff
D:2:      layout_loops_ring
D:3:      layout_rooms, mainiacjoe_overflow_tiny_flanked, grunt_ministairs_1

Skill      XL: |  1  2  3 |
---------------+----------+-----
Conjurations   | 2 |  2.4
Fire Magic     | 4 |  4.1
Dodging        | |  1.5
Stealth        | |  2.1
Spellcasting   | |  2.8

Action                     |  1- 3 |  4- 6 || total
---------------------------+-------+-------++-------
  Melee: Dagger            |     9 |    27 ||    36
         Unarmed           |     3 |       ||     3
   Cast: Foxfire           |    60 |    17 ||    77
   Stab: Sleeping          |     3 |     3 ||     6
 Armour: Robe              |    43 |    24 ||    67
  Dodge: Dodged            |    30 |    17 ||    47

Table legend: (Time is in decaauts)
 A = Elapsed time spent in this place.
 B = Non-inter-level travel time spent in this place.
 C = Inter-level travel time spent in this place.
 D = Time resting spent in this place.
 E = Time spent auto-exploring this place.
 F = Levels seen in this place.
 G = Mean time per level.
                   A        B        C        D        E       F      G
               +--------+--------+--------+--------+--------+-----+--------+
         Total |   2333 |   2296 |     37 |     81 |   1687 |   3 |  777.7 |
       Dungeon |   2333 |   2296 |     37 |     81 |   1687 |   3 |  777.7 |
               +--------+--------+--------+--------+--------+-----+--------+

Top non-repeatable levels by time:
     D:1: 1194 daAuts
     D:2: 809 daAuts
     D:3: 329 daAuts
